 Dungeon Crawl Stone Soup version 0.29.1-13-g9f3cf754e1 (webtiles) character file.

Game seed: 11477500641989338596

44 Ayven the Sneak (level 3, -12/18 HPs)
             Began as a Spriggan Brigand on Feb 10, 2023.
             Killed by an exploding goblin (30 damage)
             ... ignited by their inner flame
             ... on level 2 of the Dungeon.
             The game lasted 00:08:52 (1732 turns).

Ayven the Sneak (Spriggan Brigand)                  Turns: 1732, Time: 00:08:57

Health: -12/18     AC:  3    Str:  7    XL:     3   Next: 39%
Magic:  4/4        EV: 17    Int: 12    God:
Gold:   100        SH:  0    Dex: 18    Spells: 2/2 levels left

rFire   . . .      SeeInvis +   g - +3 short sword (speed)
rCold   . . .      Faith    .   (no shield)
rNeg    . . .      Spirit   .   b - +0 robe
rPois   .          Reflect  .   (helmet restricted)
rElec   .          Harm     .   c - +0 cloak
rCorr   .          Rampage  .   (gloves unavailable)
Will    .....                   (boots unavailable)
Stlth   ++++......              (no amulet)
HPRegen 0.06/turn               (no ring)
MPRegen 0.09/turn               (no ring)

@: very quick
A: very small, no large weapons, unfitting armour, see invisible, speed 3
a: no special abilities


You were on level 2 of the Dungeon.
You visited 1 branch of the dungeon, and saw 2 of its levels.

You collected 100 gold pieces.

Inventory:

Hand Weapons
 a - a +2 dagger
 g - a +3 short sword of speed (weapon)
 j - a +3 spear
 k - a +2 short sword of draining
Armour
 b - a +0 robe (worn)
 c - a +0 cloak (worn)
Scrolls
 i - a scroll of vulnerability {unknown}
 m - a scroll of noise {unknown}
Potions
 f - a potion of heal wounds {unknown}
 h - 2 potions of curing {unknown}
 n - a potion of attraction {unknown}
 o - a potion of brilliance {unknown}
 p - a potion of ambrosia {unknown}


   Skills:
 - Level 1.5 Fighting
 - Level 2.1 Short Blades
 + Level 2.3 Throwing
 * Level 1.7 Dodging
 * Level 7.5 Stealth


You had 2 spell levels left.
You didn't know any spells.
Your spell library was empty.

Dungeon Overview and Level Annotations

Branches:
Dungeon (2/15)

Altars:

Annotations:
D:2 Natasha, Robin


Innate Abilities, Weirdness & Mutations

You are very small and have problems with some larger weapons.
You are too small for most types of armour.
You have supernaturally acute eyesight. (SInv)
You cover ground extremely quickly. (Speed+++)


Message History

The poisoned dart barely misses the goblin.
The giant cockroach waves its antennae.
You throw a poisoned dart.
The poisoned dart closely misses the hobgoblin.
The poisoned dart hits the giant cockroach.
The giant cockroach is poisoned.
You kill the hobgoblin!
You throw a poisoned dart.
The poisoned dart barely misses the giant cockroach.
The poisoned dart hits the goblin!
The goblin is poisoned.
You kill the giant cockroach!
You throw a poisoned dart. The poisoned dart hits the goblin.
The goblin looks even sicker.
You throw a curare-tipped dart.
The curare-tipped dart closely misses the goblin.
The curare-tipped dart hits the goblin.
The goblin is poisoned.
The goblin convulses.
You kill the goblin!
The goblin throws a stone.
The stone hits you but does no damage.
Nothing quivered!
Found a scroll labelled FAEPYCK JYPTAECLU.
Nothing quivered!
(D) Dungeon
Where to? (Enter - D:1 @ (x,y), ? - help)
Okay, then.
Read: scroll of immolation
Press: ? - help, Dir - look around, f - activate Look: a goblin, wielding a +0 dagger and quivering stones (severely wounded, very poisoned, susceptible)
As you read the scroll of immolation, it crumbles to dust.
The creatures around you are filled with an inner flame!
The goblin explodes!
You hear a shout! x3
The goblin shouts!
You hit the goblin.
Flame seeps out of the goblin.
The goblin is severely wounded.
The goblin is engulfed in blazing flames.
The goblin explodes!
The fiery explosion engulfs you!!
Ouch! That really hurt!
You die...

######### #.......#
#######.#####.# ........#
#.# # ........# #.####### #
........# #.#...).# #
?.......#####.#.....########
.........§○@..'.....'.......
.........§§§..#.....########
####.###.######.............
#....).....+..........†..
#####.######.............
#g# #............. #(#
#......####### ########(#
####+#.# # #.##.......(#
#... ..


There were no monsters in sight!

Vanquished Creatures
  An adder (D:2)
  A worm (D:2)
  2 dart slugs (D:1)
  2 ball pythons
  3 bats
  3 endoplasms
  A giant cockroach (D:2)
  3 goblins (D:2)
  5 hobgoblins
  3 kobolds (D:1)
  3 rats
27 creatures vanquished.

Notes
Turn   | Place    | Note
-------+----------+-------------------------------------------
     0 | D:1      | Ayven the Spriggan Brigand began the quest for the Orb.
     0 | D:1      | Reached XP level 1. HP: 10/10 MP: 2/2
    31 | D:1      | Reached skill level 6 in Stealth
   519 | D:1      | Reached XP level 2. HP: 14/14 MP: 3/3
   952 | D:1      | Reached skill level 7 in Stealth
  1302 | D:2      | Noticed Robin
  1433 | D:2      | Noticed Natasha
  1614 | D:2      | Reached XP level 3. HP: 18/18 MP: 4/4
  1732 | D:2      | Killed by an exploding goblin... ignited by their inner
                  | flame

Illustrated notes

Levels and vault maps discovered:
D:1:      minmay_arrival_solitary_statue, layout_basic
D:2:      cheibrodos_helix_gallery, layout_basic, uniq_robin, uniq_natasha

Skill      XL: |  1  2 |
---------------+-------+-----
Stealth        | 6 7 |  7.5
Fighting       | |  1.5
Short Blades   | |  2.1
Throwing       | |  2.3
Dodging        | |  1.7

Action                   || total
-------------------------++-------
Melee: Short sword       ||    17
Throw: Dart              ||    52
  Use: Scroll            ||     5
 Stab: Sleeping          ||     3
Armor: Robe              ||     1
Dodge: Dodged            ||    13
